 Dungeon Crawl Stone Soup version 0.30-a0-808-g6e0788376e (webtiles) character file.

Game seed: 1529586274153414896

655952 STHMFLV the Ruinous (level 26, -4/184 HPs)
             Began as a Demonspawn Earth Elementalist on Feb 25, 2023.
             Was the Champion of Vehumet.
             Killed from afar by a black draconian knight (56 damage)
             ... with a bolt of lightning
             ... led by a white draconian stormcaller
             ... on level 3 of the Realm of Zot.
             The game lasted 02:15:05 (78435 turns).

STHMFLV the Ruinous (DsEE)                         Turns: 78435, Time: 02:15:05

Health: -4/184     AC: 19    Str:  6    XL:     26   Next: 89%
Magic:  35/45      EV: 34    Int: 42    God:    Vehumet [******]
Gold:   6568       SH:  9    Dex: 21    Spells: 11/61 levels left

rFire   + . .      SeeInvis +    r - staff of conjuration
rCold   + . .      Faith    .    k - +3 warlock's mirror {omnireflect}
rNeg    + + +      Spirit   .    i - +4 robe of Folly {Brill Will-∞ Int+8}
rPois   ∞          Reflect  +    (helmet unavailable)
rElec   .          Harm     +    B - +0 cloak "Qidiathra" {rF+ Regen+}
rCorr   .          Rampage  .    R - +2 pair of gloves {Stlth+}
Will    .....                    Y - +2 pair of boots {Fly}
Stlth   +++                      l - amulet "Makuohem" {RegenMP Harm rC+ Str-4 Dex+4}
HPRegen 1.30/turn                P - ring "Yruem" {rC- rN+ Int+10}
MPRegen 0.69/turn                L - ring of the Hare {EV+10}

@: mighty, agile, lich-form, flying, very slightly contaminated, studying 2
skills
A: draining attack, torment immunity, no potions, antennae 3, hurl damnation,
icemail 2, powered by pain 3, torment resistance 1, (sanguine armour 3),
condensation shield, demonic willpower
}: 5/15 runes: serpentine, barnacled, slimy, silver, abyssal
a: Hurl Damnation, End Transformation, Renounce Religion


You were on level 3 of the Realm of Zot.
You worshipped Vehumet.
Vehumet was exalted by your worship.
You were an undead lich.
You visited 11 branches of the dungeon, and saw 53 of its levels.
You visited the Abyss 1 time.
You also visited: Ossuary, Bailey and Ice Cave.

You collected 11540 gold pieces.
You spent 4972 gold pieces at shops.

Inventory:

Missiles
 b - 13 silver javelins
 w - 71 poisoned darts
 C - 7 throwing nets (quivered)
 T - 11 curare-tipped darts
Armour
 i - the +4 robe of Folly (worn) {Brill Will-∞ Int+8}
   (You bought it in a shop on level 1 of the Elven Halls)

   Brill:     It increases the power of your magical spells and halves their MP
   cost (rounding up).
   Will-∞: It reduces your willpower to zero.
   Int:       It affects your intelligence (+8).
 k - the +3 warlock's mirror (worn) {omnireflect}
   (You acquired it on level 15 of the Dungeon)

   Omnireflect: It can block and reflect piercing ranged attacks and magical
   attacks against the wielder's willpower.
 B - the +0 cloak "Qidiathra" (worn) {rF+ Regen+}
   (You acquired it on level 13 of the Dungeon)

   rF:        It protects you from fire.
   Regen:     It increases your rate of health regeneration.
 R - a +2 pair of gloves of stealth (worn)
 Y - a +2 pair of boots of flying (worn)
Magical Staves
 r - a staff of conjuration (weapon)
Jewellery
 e - a ring of protection from fire
 l - the amulet "Makuohem" (around neck) {RegenMP Harm rC+ Str-4 Dex+4}
   (You found it on level 3 of the Vaults)

   [amulet of magic regeneration]

   It increases your rate of magic regeneration.
   Str:       It affects your strength (-4).
   Dex:       It affects your dexterity (+4).
   rC:        It protects you from cold.
   Harm:      It increases damage dealt and taken.
 t - a ring of flight
 L - the ring of the Hare (right hand) {EV+10}
   (You took it off a deep elf elementalist on level 3 of the Elven Halls)

   [ring of evasion]

   EV:        It affects your evasion (+10).
 O - a ring of protection from cold
 P - the ring "Yruem" (left hand) {rC- rN+ Int+10}
   (You found it on level 3 of the Crypt)

   [ring of positive energy]

   Int:       It affects your intelligence (+10).
   rC:        It makes you vulnerable to cold.
   rN:        It protects you from negative energy.
Wands
 x - a wand of paralysis (52)
 I - a wand of digging (12)
 K - a wand of polymorph (24)
 M - a wand of roots (26)
 N - a wand of acid (10)
Scrolls
 h - a scroll of silence
 j - 5 scrolls of poison
 n - 12 scrolls of vulnerability
 v - 2 scrolls of torment
 y - 4 scrolls of magic mapping
 z - 7 scrolls of amnesia
 E - 23 scrolls of teleportation
 H - 6 scrolls of brand weapon
 S - 7 scrolls of enchant weapon
 U - 5 scrolls of fear
 V - 8 scrolls of blinking
 W - 7 scrolls of fog
 X - 6 scrolls of enchant armour
 Z - 2 scrolls of butterflies
Potions
 a - 6 potions of brilliance
 c - 7 potions of heal wounds
 f - 5 potions of resistance
 g - 13 potions of attraction
 m - a potion of magic
 o - 17 potions of mutation
 p - 11 potions of might
 q - 4 potions of ambrosia
 s - 8 potions of berserk rage
 u - 28 potions of curing
 A - 3 potions of cancellation
 F - 8 potions of flight
 G - 5 potions of lignification
 J - 4 potions of haste
 Q - 3 potions of invisibility


   Skills:
 - Level 10.0 Fighting
 - Level 10.0 Dodging
 - Level 1.7 Stealth
 - Level 6.0 Shields
 - Level 18.0 Spellcasting
 - Level 22.0 Conjurations
 + Level 16.3 Necromancy
 + Level 14.3 Transmutations
 - Level 18.0 Fire Magic
 - Level 18.0 Air Magic
 - Level 18.0 Earth Magic


You had 11 spell levels left.
You knew the following spells:

 Your Spells              Type           Power      Damage    Failure   Level
a - Lehudib's Crystal Sp  Conj/Erth      83%        10d19     1%          8
b - Chain Lightning       Conj/Air       83%        3d111     7%          9
c - Ignition              Fire           68%        3d18      1%          8
d - Fire Storm            Conj/Fire      83%        8d21      7%          9
k - Blink                 Tloc           100%       N/A       1%          2
l - Passwall              Tmut/Erth      100%       N/A       0%          2
n - Necromutation         Tmut/Necr      77%        N/A       11%         8
p - Passage of Golubria   Tloc           54%        N/A       9%          4

Your spell library contained the following spells:

 Spells                   Type           Power      Damage    Failure   Level
 Beastly Appendage        Tmut           100%       N/A       0%          1
 Foxfire                  Conj/Fire      100%       2x1d9     0%          1
 Kiss of Death            Conj/Necr      100%       2d13      0%          1
 Necrotise                Necr           100%       1d9       0%          1
 Sandblast                Erth           100%       2d20      0%          1
 Cigotuvi's Dreadful Rot  Necr/Pois/Air  100%       N/A       0%          2
 Momentum Strike          Conj/Tloc      100%       3d10      0%          2
 Sublimation of Blood     Necr           100%       N/A       0%          2
 Wereblood                Tmut           100%       N/A       0%          2
 Kindle Blastsparks       Fire/Tloc/Air  100%       2d18      0%          3
 Stone Arrow              Conj/Erth      100%       3d13      0%          3
 Swiftness                Air            100%       N/A       0%          3
 Vampiric Draining        Necr           100%       2d13      0%          3
 Animate Dead             Necr           100%       N/A       0%          4
 Dispel Undead            Necr           100%       3d31      0%          4
 Petrify                  Tmut/Erth      100%       N/A       0%          4
 Sticky Flame             Conj/Fire      100%       2d11      0%          4
 Fireball                 Conj/Fire      83%        3d31      0%          5
 Irradiate                Conj/Tmut      81%        3d38      0%          5
 Iskenderun's Battlesphe  Conj           100%       2d15      0%          5
 Lee's Rapid Deconstruct  Erth           68%        3d31*     0%          5
 Apportation              Tloc           100%       N/A       1%          1
 Freeze                   Ice            100%       1d10      1%          1
 Slow                     Hex            100%       N/A       1%          1
 Summon Small Mammal      Summ           100%       N/A       1%          1
 Ensorcelled Hibernation  Hex/Ice        100%       N/A       1%          2
 Lesser Beckoning         Tloc           100%       N/A       1%          2
 Frozen Ramparts          Ice            100%       1d16      1%          3
 Hailstorm                Conj/Ice       100%       3d20      1%          3
 Ignite Poison            Fire/Tmut/Pois 100%       N/A       1%          3
 Inner Flame              Hex/Fire       100%       N/A       1%          3
 Spider Form              Tmut/Pois      98%        N/A       1%          3
 Anguish                  Hex/Necr       63%        N/A       1%          4
 Animate Armour           Summ/Erth      100%       N/A       1%          4
 Fulminant Prism          Conj/Hex       69%        3d28      1%          4
 Ice Form                 Ice/Tmut       98%        N/A       1%          4
 Leda's Liquefaction      Hex/Erth       53%        N/A       1%          4
 Summon Lightning Spire   Summ/Air       100%       N/A       1%          4
 Alistair's Intoxication  Tmut/Pois      65%        N/A       1%          5
 Borgnjor's Vile Clutch   Necr/Erth      80%        N/A       1%          5
 Freezing Cloud           Conj/Ice/Air   73%        6-21      1%          5
 Silence                  Hex/Air        53%        N/A       1%          5
 Conjure Ball Lightning   Conj/Air       83%        3x3d31    1%          6
 Eringya's Noxious Bog    Tmut/Pois      49%        N/A       1%          6
 Iron Shot                Conj/Erth      83%        9d15      1%          6
 Starburst                Conj/Fire      83%        6d21      1%          6
 Statue Form              Tmut/Erth      87%        N/A       1%          6
 Dragon Form              Tmut           63%        N/A       1%          7
 Orb of Destruction       Conj           86%        9d19      1%          7
 Storm Form               Tmut/Air       65%        N/A       1%          7
 Maxwell's Capacitive Co  Air            68%        ∞         1%          8
 Call Canine Familiar     Summ           54%        N/A       2%          3
 Confusing Touch          Hex            54%        N/A       2%          3
 Summon Guardian Golem    Hex/Summ       54%        N/A       2%          3
 Olgreb's Toxic Radiance  Pois           54%        N/A       2%          4
 Spellforged Servitor     Conj/Summ      69%        N/A       2%          7
 Simulacrum               Ice/Necr       63%        N/A       4%          6
 Borgnjor's Revivificati  Necr           78%        N/A       7%          8
 Infestation              Necr           78%        N/A       7%          8
 Cause Fear               Hex            27%        N/A       9%          4
 Summon Ice Beast         Ice/Summ       54%        N/A       9%          4
 Shatter                  Erth           68%        3d50*     14%         9
 Death's Door             Necr           78%        N/A       71%         9
 Ozocubu's Refrigeration  Ice            27%        4d13      83%         7
 Discord                  Hex            27%        N/A       100%        8
 Disjunction              Tloc           27%        N/A       100%        8
 Dragon's Call            Summ           27%        N/A       100%        9
 Polar Vortex             Ice            27%        N/A       100%        9


Dungeon Overview and Level Annotations

Branches:
Dungeon (15/15)            Temple (0/1) D:5            Lair (5/5) D:8
 Shoals (4/4) Lair:3        Snake (4/4) Lair:3        Slime (5/5) Lair:5
    Orc (2/2) D:9             Elf (3/3) Orc:2        Vaults (5/5) D:14
  Crypt (3/3) Vaults:2       Tomb (0/3) Crypt:3      Depths (4/4) D:15
    Zot (3/5) Depths:4    Ossuary (visited)          Bailey (visited)
  IceCv (visited)

Altars:
Cheibriados
Dithmenos
Fedhas
Gozag
Kikubaaqudgha
Nemelex Xobeh
Qazlal
Sif Muna
Trog
Vehumet
Wu Jian
Xom
Yredelemnul
Jiyva

Shops:
D:4 *   D:5 (   D:6 *   D:8 (:!   D:10 ?   D:11 (   D:12 !   Orc:2 *:((
Elf:1 *[[:   Elf:2 **   Snake:1 :   Vaults:3 (!(=   Vaults:4 ?   Depths:3 :=:
Depths:4 [

Portals:
Hell: Depths:2 Depths:3 Depths:4
Abyss: D:8 Depths:1 Depths:3 Depths:4
Pandemonium: Depths:2 Depths:3
Ziggurat: Depths:2

Annotations:
D:7 2 transporters
D:8 2 transporters, BigDaddyOpFi's ghost, novice DrFi
Lair:4 3 runed translucent doors, jasper's ghost, journeyman DsCA
Depths:3 1 runed translucent door


Innate Abilities, Weirdness & Mutations

You are an undead lich.
Your unarmed attacks are suffused with negative energy.
You are immune to unholy pain and torment.
Your necromantic spells are more powerful.
You cannot drink.
You are immune to poison.
You have a pair of large antennae on your head. (SInv)
You can hurl damnation.
A meltable icy envelope protects you from harm. (AC +0)
You are powered by pain.
You are resistant to unholy torment.
((When seriously injured, your blood forms very thick armour. (AC +0)))
A meltable shield of frost defends you. (SH +0)
You punish those that try to bend your will. (Will+)


Message History

The yellow draconian is almost dead.
The great blast of fire engulfs the black draconian knight!!!
The black draconian knight is almost dead.
The great blast of fire engulfs the quicksilver dragon!!!!
You kill the quicksilver dragon!
Vehumet accepts your kill.
You feel your power returning.
You hear a deafening roar!
The black draconian knight is engulfed in blazing flames.
The yellow draconian is engulfed in blazing flames.
The yellow draconian barely misses your fire vortex.
A storm dragon comes into view.
The black draconian knight mumbles some strange words.
The black draconian knight flickers and vanishes for a moment.
Training target 6.0 for Shields reached!
Your Shields skill increases to level 6!
Your fire vortex hits the yellow draconian.
Your fire vortex burns the yellow draconian!
The yellow draconian dies!
Vehumet accepts your kill.
Your fire vortex dissipates!
The black draconian knight is engulfed in blazing flames.
The black draconian knight breathes lightning at you.
The bolt of lightning hits you!!
You focus on the pain.
You feel very mighty all of a sudden. The bolt of lightning hits you!
You focus on the pain.
You feel agile all of a sudden.
The storm dragon is engulfed in blazing flames.
The storm dragon breathes lightning at you.
The bolt of lightning hits the black draconian knight.
The black draconian knight completely resists.
The bolt of lightning misses you.
You see here an acid dragon corpse.
The black draconian knight breathes lightning at you.
The bolt of lightning hits you!!!
* * * LOW HITPOINT WARNING * * *
You focus on the pain.
You feel mightier all of a sudden. The bolt of lightning hits you!!!
You die...

###### #########
#....####.......####
....##.......[...#(
#'##..#.........'.
##....####......##?
#.L#### ####..####
###..# ##...##
#.##.# {


{{{{ ###..# #..#q# { {{ {{ ##.. ###..# { {{{ ### #q### {{{{{ # ##..# {{{ # .# {
{ ##..)q.# )v. ##...{{ # You could see a black draconian knight (fast,
invisible, catching breath).

Vanquished Creatures
  the Royal Jelly (Slime:5)
  An orb of fire (Zot:1)
  A dread lich (Abyss:3)
  Mara (Shoals:3)
  3 ancient liches
  The ghost of Liheutte the Intangible, a veteran MfMo of Cheibriados (Depths:4)
  Parghit (Zot:3)
  A Killer Klown (Zot:2)
  6 curse toes
  2 profane servitors
  the Enchantress (Depths:1)
  10 golden dragons
  4 bone dragons
  Jorgrun (Orc:1)
  A shard shrike zombie (Crypt:3)
  An electric golem (Zot:1)
  Rupert (D:12)
  7 tentacled monstrosities
  4 liches
  Asterion (Vaults:1)
  4 deep elf blademasters (Elf:3)
  3 titans
  A walking earthen tome (Depths:4)
  A deep elf master archer (Elf:3)
  14 quicksilver dragons
  10 tentacled starspawn (Abyss:3)
  20 acid blobs
  3 krakens
  An Executioner (Abyss:3)
  Polyphemus (Shoals:3)
  Agnes (Snake:3)
  7 ancient champions (Crypt:3)
  10 tengu reavers
  6 sphinxes
  Gastronok (Orc:1)
  4 death cobs
  Frances (Shoals:2)
  10 storm dragons
  10 shadow dragons
  3 revenants (Crypt:3)
  3 draconian monks
  6 rockslimes (Slime:5)
  11 azure jellies
  Ilsuiw (Shoals:4)
  13 fire giants
  4 nagarajas
  An iron dragon (Vaults:5)
  4 draconian knights
  9 deep elf sorcerers
  8 draconian stormcallers
  6 draconian scorchers
  8 frost giants
  6 deep elf elementalists (Elf:3)
  A ghost moth (Zot:3)
  15 vault wardens
  A draconian annihilator (Zot:2)
  6 draconian shifters
  3 curse skulls
  5 spriggan defenders
  An angel (Abyss:3)
  10 ghouls
  5 orc warlords
  16 ironbound preservers
  A caustic shrike skeleton (Abyss:3)
  18 very ugly things
  7 quicksilver oozes
  5 war gargoyles
  15 stone giants
  12 vampire knights
  A reaper (Crypt:1)
  Nessos (D:13)
  8 green draconians
  10 black draconians
  7 deep elf annihilators
  10 ironbound thunderhulks
  5 deep elf demonologists
  A lorocyproca (Abyss:3)
  8 white draconians
  5 spark wasps
  16 purple draconians
  11 red draconians
  8 yellow draconians
  11 dire elephants
  3 mummy priests (Crypt:3)
  11 deep elf death magi
  6 eidola
  A crystal guardian (Vaults:2)
  16 jiangshi
  7 merfolk impalers
  16 fire dragons
  14 ettins
  6 merfolk javelineers
  14 yaktaur captains
  6 deep elf high priests
  A shambling mangrove (Abyss:3)
  10 great orbs of eyes
  An entropy weaver (Vaults:1)
  A spriggan zombie (Crypt:1)
  A fenstrider witch zombie (Crypt:1)
  33 vault guards
  Josephine (D:15)
  5 rakshasas
  2 catoblepae
  A hell beast (Depths:1)
  6 hydras
  4 salamander tyrants
  13 ice dragons
  An elf skeleton (Crypt:3)
  9 centaur warriors
  9 anacondas
  A caustic shrike simulacrum (Crypt:3)
  10 spriggan air magi
  A spriggan skeleton (Abyss:3)
  3 ogre magi
  11 ironbound frosthearts
  3 peacekeepers
  A ghost crab (Abyss:3)
  A fenstrider witch skeleton (Crypt:1)
  11 two-headed ogres
  11 deep troll shamans
  6 naga warriors
  3 death knights
  4 satyrs (Shoals:4)
  2 alligator snapping turtles
  A merfolk avatar (Shoals:1)
  30 dancing weapons
  9 deep troll earth magi
  3 boulder beetles
  11 death yaks
  7 merfolk aquamancers
  7 tengu warriors
  5 orc high priests
  6 thrashing horrors (Abyss:3)
  Urug (D:11)
  10 spriggan berserkers
  12 vampire magi
  9 naga sharpshooters
  6 shock serpents
  7 sun demons
  3 soul eaters
  12 hell knights
  A fire crab (Abyss:3)
  5 wretched stars
  3 skysharks
  21 deep elf knights
  4 iron trolls (Depths:3)
  37 skeletal warriors
  10 sea snakes
  A titan skeleton (Abyss:3)
  A shadow wraith (Abyss:3)
  2 sixfirhies
  6 salamander mystics
  A death drake (Zot:2)
  A glowing orange brain (shapeshifter) (Vaults:3)
  46 deep trolls
  A bunyip zombie (Crypt:1)
  7 glowing orange brains
  A spriggan simulacrum (Crypt:1)
  An orange crystal statue (IceCv)
  3 flayed ghosts
  A swamp dragon (Zot:2)
  A bunyip skeleton (Crypt:2)
  14 orc knights
  Pikel (D:8)
  12 harpies
  16 deep elf archers
  An iron giant skeleton (Crypt:2)
  4 lindwurms
  9 wizards
  An anaconda skeleton (Crypt:1)
  12 ironbound convokers
  11 phantasmal warriors
  10 mana vipers
  23 deep elf pyromancers
  19 deep elf zephyrmancers
  7 necromancers
  26 starcursed masses
  A manticore (shapeshifter) (D:15)
  4 orc sorcerers
  5 shining eyes
  47 ugly things
  An iron dragon skeleton (Crypt:3)
  13 salamanders
  11 cyclopes
  10 manticores
  18 fauns
  A will-o-the-wisp (Abyss:3)
  16 elephants
  17 moths of wrath
  21 vault sentinels
  22 black mambas
  2 torpor snails
  2 eyes of devastation
  13 merfolk sirens
  3 worldbinders
  A water nymph (shapeshifter) (Vaults:5)
  A naga skeleton (Abyss:3)
  13 naga magi
  5 water nymphs
  6 guardian serpents (Snake:4)
  An ice statue (Lair:2)
  5 smoke demons
  2 gargoyles
  10 cane toads
  3 dire elephant skeletons
  25 rime drakes
  3 apocalypse crabs
  A catoblepas zombie (Crypt:3)
  7 unseen horrors
  A cane toad (shapeshifter) (Vaults:5)
  42 yaktaurs
  4 komodo dragons
  4 efreet
  13 guardian mummies (Crypt:3)
  A black draconian zombie (Crypt:2)
  2 tengu conjurers
  A harpy zombie (Crypt:3)
  A white draconian skeleton (Crypt:3)
  6 trolls
  A freezing wraith (Vaults:5)
  A queen bee (shapeshifter) (D:14)
  3 ancient zymes
  A wind drake (shapeshifter) (Abyss:3)
  22 merfolk
  8 wind drakes
  19 polar bears
  14 hornets
  Prince Ribbit (D:6)
  2 hellwings (Abyss:1)
  2 harpy skeletons (Crypt:2)
  A hydra skeleton (Crypt:3)
  Grinder (D:9)
  16 blink frogs
  5 dream sheep
  11 raiju
  22 large abominations
  7 snapping turtles
  71 slime creatures
  A flying skull (Vaults:2)
  2 air elementals
  A satyr skeleton (Crypt:3)
  22 spriggans
  A yak (shapeshifter) (Depths:2)
  62 yaks
  A vampire (Abyss:1)
  15 wraiths
  A wyvern (Lair:3)
  2 ynoxinuls
  2 centaur simulacra
  3 shadows
  2 ushabtiu (Crypt:3)
  27 water elementals
  3 basilisks
  5 fire elementals
  A fire bat (Abyss:3)
  A black mamba skeleton (Crypt:1)
  9 vampire mosquitoes
  Menkaure (D:5)
  3 chaos spawn
  Grum (Bailey)
  7 redbacks
  29 nagas
  7 neqoxecs
  3 wargs
  4 acid dragons
  2 naga zombies
  4 hell hounds (Abyss:3)
  13 water moccasins
  2 floating eyes
  18 orc warriors
  2 sky beasts
  5 black bears
  10 ice beasts
  4 ogres
  35 wolves
  4 boggarts
  13 centaurs
  3 kobold brigands
  15 bullfrogs
  An elf zombie (Elf:1)
  7 gnoll sergeants
  4 earth elementals
  A wyvern zombie (Crypt:3)
  A scorpion (D:4)
  4 necrophages
  A warg zombie (Crypt:1)
  6 wights
  A polar bear skeleton (Crypt:2)
  5 electric eels
  3 howler monkeys (D:10)
  15 jellies
  2 quasits (Abyss:3)
  6 gnoll boudas
  A human zombie (Ossuary)
  12 hounds
  31 orc priests
  A black bear skeleton (Crypt:2)
  3 iron imps
  A centaur skeleton (Crypt:1)
  16 small abominations
  A boggart zombie (Crypt:2)
  4 iguanas
  33 orc wizards
  9 hell rats
  A deep dwarf zombie (Crypt:1)
  An acid dragon zombie (Crypt:2)
  A hound skeleton (Crypt:2)
  5 mummies
  24 gnolls
  8 adders
  A shadow imp (Abyss:3)
  6 white imps
  3 ufetubi
  A lava snake zombie (Crypt:3)
  4 adder zombies (Ossuary)
  2 worms (D:3)
  4 dart slugs
  103 orcs
  7 endoplasms
  A giant cockroach (D:1)
  2 gnoll zombies (Ossuary)
  9 goblins
  3 hobgoblins
  9 jackals
  4 quokkas
  9 ball pythons
  6 bats
  4 frilled lizards
  A frilled lizard zombie (Crypt:1)
  4 goblin zombies (Ossuary)
  3 hobgoblin zombies (Ossuary)
  22 kobolds
  2 kobold zombies
  An orc zombie (D:8)
  2 quokka zombies
  4 rats
  2 rat zombies (Ossuary)
  A river rat skeleton (Crypt:1)
  5 bushes
  3 butterflies (Vaults:3)
  4 fire vortices
  10 starspawn tentacles (Abyss:3)
  7 tentacles
2565 creatures vanquished.

Vanquished Creatures (collateral kills)
  A tentacled monstrosity (Zot:2)
  An acid blob (Slime:5)
  A titan (Depths:2)
  A shadow dragon (Zot:1)
  A ghoul (Crypt:2)
  3 yellow draconians
  A white draconian (Zot:1)
  2 purple draconians
  A starcursed mass (Abyss:2)
  A yaktaur captain (Vaults:5)
  An ice dragon (Depths:4)
  2 iron trolls
  A deep elf archer (Elf:2)
  A shadow dragon skeleton (Crypt:1)
  A centaur zombie (Crypt:1)
  A raiju (Abyss:3)
  A slime creature (Slime:5)
  A water elemental (Elf:3)
  A chaos spawn (Abyss:1)
  A redback (Vaults:5)
  A warg (Elf:3)
  An orc warrior (Elf:3)
  A small abomination (Abyss:3)
  A gnoll zombie (Crypt:2)
  An endoplasm zombie (Crypt:2)
29 creatures vanquished.

Vanquished Creatures (others)
  2 water elementals (Elf:3)
  A basilisk (Lair:1)
  An orc (Orc:1)
  A kobold (D:9)
  A bush (Lair:2)
  542 fire vortices
  57 fungi
  381 plants
  2 starspawn tentacles (Abyss:1)
  9 tentacles
  2 withered plants (Depths:4)
999 creatures vanquished.

Grand Total: 3593 creatures vanquished

Notes
Turn   | Place    | Note
-------+----------+-------------------------------------------
     0 | D:1      | STHMFLV the Demonspawn Earth Elementalist began the quest
                  | for the Orb.
     0 | D:1      | Reached XP level 1. HP: 13/13 MP: 3/3
   373 | D:1      | Gained mutation: You sometimes gain a little power by
                  | taking damage. [demonic ancestry]
   373 | D:1      | Reached XP level 2. HP: 17/19 MP: 3/5
  1096 | D:2      | Reached XP level 3. HP: 24/24 MP: 4/6
  1297 | D:2      | Learned a level 3 spell: Stone Arrow
  1591 | D:3      | Reached skill level 1 in Conjurations
  1733 | D:3      | Reached XP level 4. HP: 15/30 MP: 0/7
  1813 | D:3      | Reached skill level 2 in Conjurations
  2455 | D:3      | Reached XP level 5. HP: 35/35 MP: 5/8
  2630 | D:4      | Reached skill level 3 in Conjurations
  2680 | D:4      | Found Gozag's Platinum Reserve.
  2680 | D:4      | Found an opulent altar of Gozag.
  3136 | D:4      | Found a radiant altar of Vehumet.
  3174 | D:4      | Became a worshipper of Vehumet
  3212 | D:4      | Reached skill level 4 in Conjurations
  3232 | D:4      | Found a bloodstained altar of Trog.
  3237 | D:4      | Gained mutation: You have a pair of small antennae on your
                  | head. [demonic ancestry]
  3237 | D:4      | Reached XP level 6. HP: 41/41 MP: 5/9
  3695 | D:5      | Entered Level 5 of the Dungeon
  3733 | D:5      | Reached skill level 5 in Earth Magic
  3864 | D:5      | Found a shimmering blue altar of Sif Muna.
  4066 | D:5      | Reached * piety under Vehumet
  4066 | D:5      | Offered knowledge of Kiss of Death by Vehumet.
  4087 | D:5      | Reached skill level 5 in Conjurations
  4221 | D:5      | Found Muqotw Eluj's Antique Weapon Boutique.
  4233 | D:5      | Found a blossoming altar of Fedhas.
  4247 | D:5      | Noticed Menkaure
  4250 | D:5      | Killed Menkaure
  4251 | D:5      | Gained mutation: You have a pair of antennae on your head.
                  | [demonic ancestry]
  4251 | D:5      | Reached XP level 7. HP: 25/46 MP: 6/10
  4455 | D:5      | Found a staircase to the Ecumenical Temple.
  4604 | D:5      | Found an ornate altar of the Wu Jian Council.
  4610 | D:5      | Reached skill level 6 in Conjurations
  5226 | D:6      | Noticed Grinder
  5415 | D:6      | Gained mutation: When seriously injured, your blood forms
                  | armour. (AC +0) [demonic ancestry]
  5415 | D:6      | Reached XP level 8. HP: 52/52 MP: 9/12
  5441 | D:6      | Found Siucev's Assorted Antiques.
  5462 | D:6      | Bought a scroll labelled VUMITW EBLEIC for 20 gold pieces
  5462 | D:6      | Bought a grey potion for 18 gold pieces
  5790 | D:6      | Noticed a cyclops
  5797 | D:6      | Killed a cyclops
  5798 | D:6      | Reached skill level 7 in Conjurations
  5817 | D:6      | Noticed Prince Ribbit
  5998 | D:6      | Killed Prince Ribbit
  5999 | D:6      | Reached skill level 5 in Spellcasting
  5999 | D:6      | Reached XP level 9. HP: 57/57 MP: 9/16
  6209 | D:6      | Offered knowledge of Foxfire by Vehumet.
  6212 | D:6      | Noticed a two-headed ogre
  6218 | D:6      | Killed a two-headed ogre
  6219 | D:6      | Reached skill level 8 in Conjurations
  6496 | D:7      | Reached ** piety under Vehumet
  6756 | D:7      | Found a stormy altar of Qazlal.
  7081 | D:7      | Offered knowledge of Mephitic Cloud by Vehumet.
  7371 | D:7      | Found a transporter.
  7372 | D:7      | Noticed a troll
  7374 | D:7      | Found a transporter.
  7548 | D:7      | Found a faded altar of an unknown god.
  7556 | D:7      | Found a faded altar of an unknown god.
  7558 | D:7      | Found a shimmering altar of Xom.
  7678 | D:7      | Reached skill level 9 in Conjurations
  7681 | D:7      | Reached *** piety under Vehumet
  7769 | D:8      | Noticed a troll
  7774 | D:8      | Noticed a troll
  7775 | D:8      | Killed a troll
  7776 | D:8      | Gained mutation: When seriously injured, your blood forms
                  | thick armour. (AC +0) [demonic ancestry]
  7776 | D:8      | Reached XP level 10. HP: 60/63 MP: 8/20
  8005 | D:8      | Found Xusaykoe's Weapon Boutique.
  8088 | D:8      | Found a sand-covered staircase.
  8093 | Ossuary  | Entered an ossuary
  8158 | Ossuary  | Offered knowledge of Dazzling Flash by Vehumet.
  8493 | D:8      | Reached **** piety under Vehumet
  8633 | D:8      | Found a transporter.
  8650 | D:8      | Found a one-way gate to the infinite horrors of the Abyss.
  8650 | D:8      | Noticed BigDaddyOpFi's ghost (novice DrFi)
  8671 | D:8      | Found a transporter.
  8712 | D:8      | Found Ulagh's Book Shoppe.
  8809 | D:8      | Offered knowledge of Fireball by Vehumet.
  8908 | D:8      | Found a staircase to the Lair.
  9157 | D:8      | Noticed Pikel
  9162 | D:8      | Killed Pikel
  9264 | D:8      | Found Okhlokeo's Distillery.
  9446 | D:9      | Found a staircase to the Orcish Mines.
  9558 | D:9      | Found a sparkling altar of Nemelex Xobeh.
  9561 | D:9      | Found a flagged portal.
  9581 | Bailey   | Entered a bailey
  9785 | Bailey   | Learned a level 5 spell: Fireball
  9977 | Bailey   | Noticed Grum
  9985 | Bailey   | Killed Grum
 10099 | Bailey   | Reached skill level 10 in Conjurations
 10296 | Bailey   | Reached ***** piety under Vehumet
 10323 | Bailey   | Offered knowledge of Iron Shot by Vehumet.
 10347 | Bailey   | Learned a level 6 spell: Iron Shot
 10854 | D:9      | Noticed a rakshasa
 10858 | D:9      | Killed a rakshasa
 11035 | D:9      | Gained mutation: When seriously injured, your blood forms
                  | very thick armour. (AC +0) [demonic ancestry]
 11035 | D:9      | Reached XP level 11. HP: 51/68 MP: 8/23
 11844 | D:9      | Killed Grinder
 11845 | D:9      | Reached skill level 5 in Fire Magic
 12126 | D:10     | Entered Level 10 of the Dungeon
 12481 | D:10     | Found Popt's Magic Scroll Shoppe.
 12749 | D:10     | Found a shadowy altar of Dithmenos.
 13152 | D:10     | Learned a level 2 spell: Passwall
 13155 | D:10     | Learned a level 2 spell: Blink
 13197 | D:11     | Found Rugash's Weapon Shop.
 13199 | D:11     | Noticed a two-headed ogre
 13202 | D:11     | Killed a two-headed ogre
 13213 | D:11     | Noticed Urug
 13306 | D:11     | Killed Urug
 14140 | D:11     | Noticed a two-headed ogre
 14143 | D:11     | Killed a two-headed ogre
 14144 | D:11     | Reached skill level 11 in Conjurations
 14421 | D:11     | Noticed a skeletal warrior
 14425 | D:11     | Killed a skeletal warrior
 14528 | D:11     | Noticed a tengu warrior
 14530 | D:11     | Killed a tengu warrior
 14635 | D:11     | Noticed a centaur warrior
 14639 | D:11     | Killed a centaur warrior
 14640 | D:11     | Reached XP level 12. HP: 74/74 MP: 6/25
 14851 | D:11     | Reached skill level 10 in Earth Magic
 15121 | D:11     | Identified a scroll of acquirement
 15121 | D:11     | Acquired 631 gold pieces
 15191 | Lair:1   | Entered Level 1 of the Lair of Beasts
 15655 | Lair:1   | Noticed a catoblepas
 15885 | D:8      | Killed a catoblepas
 16658 | Lair:1   | Noticed a death yak
 16659 | Lair:1   | Noticed a death yak
 16661 | Lair:1   | Killed a death yak
 16673 | Lair:1   | Killed a death yak
 16673 | Lair:1   | Noticed a death yak
 16786 | Lair:1   | Noticed a death yak
 16792 | D:8      | Killed a death yak
 16920 | Lair:1   | Killed a death yak
 17368 | Lair:1   | Noticed an eight-headed hydra
 17371 | Lair:1   | Killed an eight-headed hydra
 17487 | Lair:2   | Found an opulent altar of Gozag.
 17650 | Lair:2   | Noticed an ice dragon
 17768 | Lair:2   | Killed an ice dragon
 18014 | Lair:2   | Reached skill level 12 in Conjurations
 18230 | Lair:2   | Reached skill level 10 in Spellcasting
 18234 | Lair:2   | Offered knowledge of Fulminant Prism by Vehumet.
 18575 | Lair:2   | Reached XP level 13. HP: 79/79 MP: 23/27
 18792 | Lair:2   | Reached skill level 10 in Fire Magic
 20199 | Lair:3   | Found a staircase to the Shoals.
 20602 | Lair:3   | You fall into a shaft and drop 1 floor!
 21295 | Lair:3   | Found a staircase to the Snake Pit.
 23125 | Lair:4   | Offered knowledge of Starburst by Vehumet.
 24000 | Lair:4   | Found a runed translucent gate.
 24001 | Lair:4   | Found a runed translucent gate.
 24002 | Lair:4   | Found a runed translucent gate.
 24003 | Lair:4   | Noticed jasper's ghost (journeyman DsCA)
 24039 | Lair:5   | Entered Level 5 of the Lair of Beasts
 24341 | Lair:5   | Reached XP level 14. HP: 78/85 MP: 5/29
 25261 | Lair:5   | Reached skill level 1 in Fighting
 25425 | Lair:5   | Offered knowledge of Arcjolt by Vehumet.
 26289 | Lair:5   | Found a staircase to the Slime Pits.
 26298 | Lair:5   | Found a viscous altar of Jiyva.
 26920 | Lair:5   | Identified the +4 quarterstaff "Awos" {vamp, rElec rC+ rN+}
 27767 | Orc:1    | Entered Level 1 of the Orcish Mines
 27771 | Orc:1    | Noticed Gastronok
 27967 | Orc:1    | Killed Gastronok
 28181 | Orc:2    | Entered Level 2 of the Orcish Mines
 28188 | Orc:2    | Reached skill level 5 in Fighting
 28188 | Orc:2    | Reached skill level 5 in Dodging
 28530 | Orc:2    | Found a staircase to the Elven Halls.
 28716 | Orc:2    | Offered knowledge of Irradiate by Vehumet.
 29899 | Orc:2    | Found Seomutt's Book Shop.
 29899 | Orc:2    | Found Irumibb's Antique Weapon Boutique.
 29900 | Orc:2    | Found Lealop's Weapon Boutique.
 29904 | Orc:2    | Found Yleed's Assorted Antiques.
 29907 | Orc:2    | Bought an Everburning Encyclopedia for 468 gold pieces
 29910 | Orc:2    | Bought a scratched wooden ring for 110 gold pieces
 29919 | Orc:2    | Learned a level 8 spell: Ignition
 30535 | Orc:1    | Noticed Jorgrun
 30550 | Orc:1    | Killed Jorgrun
 30947 | Orc:2    | Bought the Tome of Dried Tears for 624 gold pieces
 30947 | Orc:2    | Bought a book of the Moon for 520 gold pieces
 31104 | D:12     | Noticed Rupert
 31113 | D:12     | Killed Rupert
 31325 | D:12     | Found Jotanumm's Distillery.
 32181 | D:13     | Gained mutation: You have a pair of large antennae on your
                  | head. (SInv) [demonic ancestry]
 32181 | D:13     | Reached XP level 15. HP: 101/107 MP: 21/31
 32186 | D:13     | Offered knowledge of Lee's Rapid Deconstruction by Vehumet.
 32195 | D:13     | Learned a level 5 spell: Lee's Rapid Deconstruction
 32348 | D:13     | Acquired the +0 cloak "Qidiathra" {rF+ Regen+}
 33150 | D:13     | Noticed Nessos
 33154 | D:13     | Killed Nessos
 33558 | D:14     | Found a gate to the Vaults.
 34671 | D:15     | Entered Level 15 of the Dungeon
 35168 | D:15     | Found a staircase to the Depths.
 35811 | D:15     | Noticed Josephine
 35816 | D:15     | Killed Josephine
 36263 | D:15     | Offered knowledge of Ozocubu's Refrigeration by Vehumet.
 36711 | D:15     | Acquired the +3 warlock's mirror {omnireflect}
 36711 | D:15     | Found the +3 warlock's mirror {omnireflect}
 36975 | Snake:1  | Entered Level 1 of the Snake Pit
 37096 | Snake:1  | Reached skill level 1 in Shields
 37320 | Snake:1  | Found Bump's Self-Improvement Boutique.
 38346 | D:8      | Bought a book of Annihilations for 900 gold pieces
 38346 | D:8      | Bought Ysutecab's Anthology of the Charnel House and
                  | Calefaction for 540 gold pieces
 38781 | Snake:1  | Found Bump's Self-Improvement Boutique.
 39175 | Snake:2  | Reached skill level 10 in Fighting
 39433 | Snake:2  | Learned a level 9 spell: Fire Storm
 39524 | Snake:2  | Gained mutation: A meltable shield of frost defends you.
                  | (SH +0) [demonic ancestry]
 39524 | Snake:2  | Reached XP level 16. HP: 122/122 MP: 20/32
 41132 | Snake:3  | Reached skill level 10 in Dodging
 41792 | Snake:3  | Noticed Agnes
 41796 | Snake:3  | Killed Agnes
 41797 | Snake:3  | Reached skill level 5 in Shields
 42834 | Snake:4  | Entered Level 4 of the Snake Pit
 44384 | Snake:4  | Reached skill level 15 in Fire Magic
 44869 | Snake:4  | Noticed a quicksilver dragon
 44875 | Snake:4  | Killed a quicksilver dragon
 44876 | Snake:4  | Paralysed by a naga mage for 3 turns
 45097 | Snake:4  | Noticed a quicksilver dragon
 45100 | Snake:4  | Killed a quicksilver dragon
 45484 | Snake:4  | Got a serpentine rune of Zot
 45674 | Shoals:1 | Entered Level 1 of the Shoals
 45963 | Lair:3   | Gained mutation: You sometimes gain power by taking damage.
                  | [demonic ancestry]
 45963 | Lair:3   | Reached XP level 17. HP: 70/128 MP: 3/33
 46187 | Shoals:1 | Reached ****** piety under Vehumet
 46938 | Shoals:1 | Offered knowledge of Polar Vortex by Vehumet.
 47290 | Shoals:2 | Noticed Frances
 47758 | Shoals:2 | Killed Frances
 48391 | Shoals:2 | Found a snail-covered altar of Cheibriados.
 48512 | Shoals:2 | Noticed a kraken
 48518 | Shoals:2 | Killed a kraken
 48894 | Shoals:3 | Noticed Mara
 48906 | Shoals:3 | Noticed STHMFLV's illusion
 48906 | Shoals:3 | Killed Mara
 48906 | Shoals:3 | Noticed Polyphemus
 48916 | Shoals:3 | Killed Polyphemus
 49690 | Shoals:4 | Entered Level 4 of the Shoals
 49713 | Shoals:4 | Reached skill level 13 in Conjurations
 50207 | Shoals:4 | Got a barnacled rune of Zot
 50418 | Shoals:4 | Reached skill level 14 in Conjurations
 50724 | Shoals:4 | Noticed Ilsuiw
 50727 | Shoals:4 | Killed Ilsuiw
 50736 | Shoals:4 | Gained mutation: A meltable icy envelope protects you from
                  | harm. (AC +0) [demonic ancestry]
 50736 | Shoals:4 | Reached XP level 18. HP: 134/134 MP: 13/34
 51210 | Shoals:4 | Identified the +7 morningstar of Midwinter {freeze, Str+3}
 51299 | Shoals:4 | Reached skill level 15 in Conjurations
 52428 | Vaults:1 | Entered Level 1 of the Vaults
 52792 | Vaults:1 | Reached skill level 16 in Conjurations
 53011 | Vaults:1 | Noticed Asterion
 53016 | Vaults:1 | Killed Asterion
 54249 | Vaults:1 | Reached skill level 17 in Conjurations
 54904 | Vaults:2 | Found a staircase to the Crypt.
 55292 | Vaults:1 | Acquired 1008 gold pieces
 55516 | Vaults:2 | Reached skill level 18 in Conjurations
 56248 | Vaults:2 | Acquired a +2 pair of boots of flying
 56266 | Vaults:3 | Gained mutation: You are powered by pain. [demonic
                  | ancestry]
 56266 | Vaults:3 | Reached XP level 19. HP: 102/140 MP: 35/35
 56502 | Vaults:3 | Found Wimmoz's Antique Weapon Boutique.
 56610 | Vaults:3 | Found a huge runed gate.
 56610 | Vaults:3 | Found a huge runed gate.
 56610 | Vaults:3 | Found a huge runed gate.
 56610 | Vaults:3 | Found a huge runed gate.
 56610 | Vaults:3 | Found a huge runed gate.
 56610 | Vaults:3 | Found a huge runed gate.
 56611 | Vaults:3 | Found a huge runed gate.
 56611 | Vaults:3 | Found a huge runed gate.
 56611 | Vaults:3 | Found a huge runed gate.
 56611 | Vaults:3 | Found a huge runed gate.
 56614 | Vaults:3 | Found a huge runed gate.
 56614 | Vaults:3 | Found a huge runed gate.
 56614 | Vaults:3 | Found a huge runed gate.
 56614 | Vaults:3 | Found a huge runed gate.
 56614 | Vaults:3 | Found a huge runed gate.
 56614 | Vaults:3 | Found a huge runed gate.
 56615 | Vaults:3 | Found a huge runed gate.
 56616 | Vaults:3 | Found a huge runed gate.
 56617 | Vaults:3 | Found a huge runed gate.
 56626 | Vaults:3 | Found a huge runed gate.
 56626 | Vaults:3 | Found a huge runed gate.
 56626 | Vaults:3 | Found a huge runed gate.
 56626 | Vaults:3 | Found a huge runed gate.
 56626 | Vaults:3 | Found a huge runed gate.
 56626 | Vaults:3 | Found a huge runed gate.
 56627 | Vaults:3 | Found a huge runed gate.
 56860 | Vaults:3 | Reached skill level 19 in Conjurations
 57487 | Vaults:3 | Found Dopo's Distillery.
 57600 | Vaults:3 | Found a huge runed gate.
 57600 | Vaults:3 | Found a huge runed gate.
 57600 | Vaults:3 | Found a huge runed gate.
 57600 | Vaults:3 | Found a huge runed gate.
 57600 | Vaults:3 | Found a huge runed gate.
 57600 | Vaults:3 | Found a huge runed gate.
 57601 | Vaults:3 | Found a huge runed gate.
 57602 | Vaults:3 | Found a huge runed gate.
 57603 | Vaults:3 | Found a huge runed gate.
 57625 | Vaults:3 | Found a huge runed gate.
 57837 | Vaults:3 | Reached skill level 20 in Conjurations
 58147 | Vaults:3 | Found Ewedoemp's Antique Weapon Shop.
 58147 | Vaults:3 | Found Heerofoc's Jewellery Shop.
 58551 | Vaults:3 | Identified the amulet "Makuohem" {RegenMP Harm rC+ Str-4
                  | Dex+4}
 59052 | Vaults:4 | Found Sosa's Magic Scroll Shoppe.
 59290 | Vaults:4 | Reached skill level 21 in Conjurations
 60139 | Elf:1    | Entered Level 1 of the Elven Halls
 60141 | Elf:1    | Reached XP level 20. HP: 147/147 MP: 32/36
 60184 | Elf:1    | Reached skill level 22 in Conjurations
 60273 | Elf:1    | Identified the ring "Rior" {Int+3 SInv}
 60410 | Elf:1    | Paralysed by an air elemental for 1 turns
 60413 | Elf:1    | Paralysed by an air elemental for 1 turns
 60552 | Elf:1    | Found a frozen archway.
 60556 | IceCv    | Entered an ice cave
 61445 | IceCv    | Got Asmodeus's Spellbook of the Salvo
 61555 | Elf:1    | Paralysed by an air elemental for 1 turns
 61716 | Elf:1    | Found Qubod's Armour Shop.
 61717 | Elf:1    | Found Sir Myn's Book Shoppe.
 61717 | Elf:1    | Found Feurusch's Antique Armour Emporium.
 61718 | Elf:1    | Found Keutt's General Store.
 61724 | Elf:1    | Bought a translucent cloak for 351 gold pieces
 61724 | Elf:1    | Identified the +0 cloak of Vehumet's Fury {Regen+ Str+4
                  | Dex-2 SInv} (You bought it in a shop on level 1 of the
                  | Elven Halls)
 61724 | Elf:1    | Bought a pair of warped boots for 351 gold pieces
 61724 | Elf:1    | Identified the +0 pair of boots "Moraf" {Will- Str+2 Dex+2}
                  | (You bought it in a shop on level 1 of the Elven Halls)
 61731 | Elf:1    | Bought the +4 robe of Folly {Brill Will-∞ Int+8} for 845
                  | gold pieces
 61731 | Elf:1    | Found the +4 robe of Folly {Brill Will-∞ Int+8}
 61892 | Elf:1    | Got the Precepts of Necromantic Arts
 62256 | Elf:2    | Found Poisuray's Assorted Antiques.
 62265 | Elf:2    | Bought a pair of runed gloves for 225 gold pieces
 62358 | Elf:2    | Found Qiekuty's Mass Market.
 62632 | Elf:2    | Found a huge runed translucent gate.
 62632 | Elf:2    | Found a huge runed translucent gate.
 62632 | Elf:2    | Found a huge runed translucent gate.
 62632 | Elf:2    | Found a huge runed translucent gate.
 62632 | Elf:2    | Found a huge runed translucent gate.
 63181 | Elf:3    | Entered Level 3 of the Elven Halls
 63396 | Elf:3    | Identified the +8 executioner's axe of Hurucetasch {pain,
                  | Will+ Int-2 Dex+3}
 63440 | Elf:3    | Gained mutation: A meltable icy envelope protects you from
                  | harm. (AC +0) [demonic ancestry]
 63440 | Elf:3    | Reached XP level 21. HP: 109/153 MP: 25/39
 63478 | Elf:3    | Identified the ring "Cywn" {Will+ Int+5}
 63536 | Elf:3    | Identified the +2 dire flail of Death {flame, Int+3}
 63536 | Elf:3    | Identified the +1 robe of Oblivion {Str+8 Int-3 Stlth+}
 63711 | Elf:3    | Learned a level 8 spell: Lehudib's Crystal Spear
 63724 | Elf:3    | Learned a level 9 spell: Chain Lightning
 63733 | Elf:3    | Learned a level 8 spell: Necromutation
 63861 | Elf:3    | Identified the +6 trident of the Median {venom, rElec rC+
                  | Dex+3} (You took it off a deep elf demonologist on level 3
                  | of the Elven Halls)
 63957 | Elf:3    | Identified the +2 short sword "Muept" {venom, rF+ Dex+2}
 64562 | Vaults:5 | Entered Level 5 of the Vaults
 64564 | Vaults:5 | Reached skill level 15 in Spellcasting
 64564 | Vaults:5 | Reached skill level 15 in Earth Magic
 64618 | Vaults:5 | Gained mutation: You are dopey. (Int -2) [mutagenic glow]
 64637 | Vaults:5 | Noticed an ancient lich
 64639 | Vaults:5 | Killed an ancient lich
 64687 | Vaults:5 | Noticed an ancient lich
 64689 | Vaults:5 | Killed an ancient lich
 64690 | Vaults:5 | Reached XP level 22. HP: 159/159 MP: 42/42
 64774 | Vaults:5 | Got the Anthology of the Faeries
 64909 | Vaults:5 | Identified the +2 morningstar of Huzxu {freeze, Fragile rN+
                  | Will+}
 64997 | Vaults:5 | Identified the +0 buckler of Spring Thaw {rN+ Slay+3}
 65043 | Vaults:5 | Identified the +1 plate armour "Nikh" {Int+2}
 65091 | Vaults:5 | Identified the +1 robe of Depression {Harm rPois Str-5}
 65472 | Vaults:5 | Got a silver rune of Zot
 65569 | Vaults:5 | Identified the +3 plate armour of the Gate {rF+ Slay+2}
 66752 | Slime:1  | Entered Level 1 of the Pits of Slime
 67664 | Slime:5  | Entered Level 5 of the Pits of Slime
 67683 | Slime:5  | Noticed the Royal Jelly
 67685 | Slime:5  | Killed the Royal Jelly
 67816 | Slime:5  | Found the +11 Singing Sword {sonic wave}
 67845 | Slime:5  | Identified the +0 shortbow of Chagrin {drain, rElec rPois
                  | Int+3 Dex+3}
 67879 | Slime:5  | Got a slimy rune of Zot
 67921 | Slime:5  | Identified the ring "Ippin" {*Slow rC+ Str+4 SInv}
 68419 | Crypt:1  | Entered Level 1 of the Crypt
 68439 | Crypt:1  | Reached skill level 1 in Air Magic
 68681 | Crypt:1  | Found the +1 robe of Vines {NoPotionHeal Regen++++}
 68854 | Crypt:1  | Reached skill level 5 in Air Magic
 69055 | Crypt:1  | Reached XP level 23. HP: 124/165 MP: 45/45
 69056 | Crypt:1  | Noticed an ancient lich
 69061 | Crypt:1  | Killed an ancient lich
 69807 | Crypt:3  | Entered Level 3 of the Crypt
 69824 | Crypt:3  | Reached skill level 10 in Air Magic
 70142 | Crypt:3  | Found a staircase to the Tomb.
 70488 | Crypt:3  | Found an ancient bone altar of Kikubaaqudgha.
 70488 | Crypt:3  | Found a basalt altar of Yredelemnul.
 70489 | Crypt:3  | Noticed a curse toe
 70492 | Crypt:3  | Killed a curse toe
 70508 | Crypt:3  | Found the +5 glaive of the Guard {elec, spectral, AC+5}
 70518 | Crypt:3  | Identified the +7 shortbow of Drought {elec, rN+ Will+++
                  | Str-5}
 70519 | Crypt:3  | Identified the +8 mace of Maagell {venom, Will+ rCorr}
 70564 | Crypt:3  | Identified the +5 rapier of the Shouting Wolf {freeze,
                  | rPois Str+3 Int+2}
 70565 | Crypt:3  | Identified the ring "Yruem" {rC- rN+ Int+10}
 70565 | Crypt:3  | Identified the ring of Ypniroid {Drain rPois rC+++ rN+
                  | Int-2}
 70566 | Crypt:3  | Identified the +8 lajatang of Foolhardiness {antimagic,
                  | Fragile Dex+2 Stlth+}
 70573 | Crypt:3  | Got the Catalogue of Exhumation
 70576 | Crypt:3  | Identified the ring of the Doomed Apricot {Ice rN+ Str-4
                  | Int+3 Dex+7}
 71254 | Depths:1 | Entered Level 1 of the Depths
 71269 | Depths:1 | Noticed the Enchantress
 71270 | Depths:1 | Killed the Enchantress
 71398 | Depths:1 | Voluntarily entered the Abyss.
 71398 | Abyss:1  | Found a corrupted altar of Lugonu.
 71487 | Abyss:1  | Found a corrupted altar of Lugonu.
 72057 | Abyss:3  | Gained mutation: You punish those that try to bend your
                  | will. (Will+) [demonic ancestry]
 72057 | Abyss:3  | Reached XP level 24. HP: 168/172 MP: 45/45
 72162 | Abyss:3  | Gained mutation: You occasionally lose the ability to drink
                  | potions when taking damage. [a neqoxec]
 72170 | Abyss:3  | Found a corrupted altar of Lugonu.
 72171 | Abyss:3  | Found a corrupted altar of Lugonu.
 72171 | Abyss:3  | Found a corrupted altar of Lugonu.
 72209 | Abyss:3  | Reached skill level 15 in Air Magic
 72246 | Abyss:3  | Noticed a dread lich
 72249 | Abyss:3  | Paralysed by a dread lich for 5 turns
 72255 | Abyss:3  | Killed a dread lich
 72571 | Abyss:3  | Got an abyssal rune of Zot
 72588 | Depths:1 | Escaped the Abyss
 72645 | Depths:1 | Lost mutation: You occasionally lose the ability to drink
                  | potions when taking damage. [potion of mutation]
 72645 | Depths:1 | Lost mutation: You are dopey. (Int -2) [potion of mutation]
 72645 | Depths:1 | Gained mutation: Your spells are a little easier to cast,
                  | but a little less powerful. [potion of mutation]
 72645 | Depths:1 | Lost mutation: Your spells are a little easier to cast, but
                  | a little less powerful. [potion of mutation]
 72824 | Depths:1 | You are sucked into a shaft and drop 1 floor!
 72956 | Depths:2 | Reached skill level 1 in Transmutations
 72975 | Depths:2 | Reached skill level 1 in Necromancy
 73257 | Depths:2 | Found a gateway to Hell.
 73273 | Depths:2 | Found a one-way gateway to a ziggurat.
 73371 | Depths:2 | Reached skill level 5 in Necromancy
 73380 | Depths:2 | Found a one-way gate leading to the halls of Pandemonium.
 73494 | Depths:2 | Gained mutation: You are resistant to unholy torment.
                  | [demonic ancestry]
 73494 | Depths:2 | Reached XP level 25. HP: 177/177 MP: 45/45
 73711 | Depths:2 | Reached skill level 5 in Transmutations
 74203 | Depths:3 | Identified the +7 rapier "Jadoc" {holy, Will+ Dex+4}
 74560 | Depths:3 | Found a runed translucent door.
 74588 | Depths:3 | Found a runed translucent door.
 74906 | Depths:3 | Found Zuig Gotu's Jewellery Shoppe.
 74907 | Depths:3 | Found Nyabi's Book Boutique.
 74907 | Depths:3 | Found Ycodehez's Book Boutique.
 75020 | Depths:3 | Identified the ring of the Hero {rF+ Dex+6 SInv}
 75095 | Depths:4 | Entered Level 4 of the Depths
 75160 | Depths:4 | Reached skill level 10 in Necromancy
 75306 | Depths:4 | Found Fyffib's Armour Boutique.
 75491 | Depths:4 | Found a runed translucent door.
 75491 | Depths:4 | Noticed Liheutte's ghost (veteran MfMo)
 75683 | Depths:4 | Found a gate to the Realm of Zot.
 75914 | Depths:4 | Killed Liheutte's ghost
 76059 | Zot:1    | Entered Level 1 of the Realm of Zot
 76067 | Zot:1    | Reached skill level 10 in Transmutations
 76324 | Zot:1    | Gained mutation: You can hurl damnation. [demonic ancestry]
 76324 | Zot:1    | Reached XP level 26. HP: 184/184 MP: 41/45
 76397 | Zot:1    | Noticed an orb of fire
 76400 | Zot:1    | Killed an orb of fire
 77036 | Zot:2    | Reached skill level 15 in Necromancy
 77169 | Zot:2    | Identified the +2 dire flail of the Genius {heavy, rF-
                  | Str+5 Dex+10}
 77965 | Zot:3    | Noticed Parghit
 77967 | Zot:3    | Killed Parghit
 78047 | Zot:3    | Learned a level 4 spell: Passage of Golubria
 78051 | Zot:3    | Identified the ring "Yjipses" {rF++ rN+ Int+6 Dex-5}
 78422 | Zot:3    | Identified the ring of Ozo Irij {rF+ Int+4}
 78435 | Zot:3    | Killed from afar by a black draconian knight

Illustrated notes

Levels and vault maps discovered:
D:1:      dpeg_arrival_radiant, layout_basic, st_stairs_8, nicolae_hexahallways
D:2:      layout_rooms
D:3:      layout_rooms, minmay_misc_feat_square, grunt_ministairs_3,
          minmay_misc_feat_tiny, dk_noncrumbling_3, grunt_decor_clamped
D:4:      layout_basic, nicolae_vehumet_radiance, trog_three_pillars_becter,
          nicolae_gozag_zags_fifth_avenue
D:5:      layout_basic, mainiacjoe_overflow_24_doors,
          mainiacjoe_overflow_brackets, nicolae_wu_jian_wuxing_cycle,
          temple_hall, serial_shops, nicolae_shop_behind_doors,
          nicolae_nh_ransacked_shop, uniq_menkaure
D:6:      minmay_chambers_of_sixes, layout_basic, serial_shops,
          nicolae_shop_overgrown_old_shop, uniq_prince_ribbit1, uniq_grinder
D:7:      gammafunk_beogh_shrine, layout_loops_ring,
          chequers_temple_overflow_minitemple, nicolae_qazlal_style_of_elements,
          minmay_misc_feat_four_crosses, minmay_misc_feat_more_columns
D:8:      layout_cave_pods, erik_lair_island, gammafunk_ghost_abyssal_escape,
          nicolae_ossuary_entry_giza, serial_shops, shop, shop, shop,
          minmay_strange_pillars, minivault_19, roderic_roman_lattice,
          uniq_pikel
D:9:      layout_irregular_city, nicolae_overflow_hidden_temple,
          minmay_orc_entry_temple_small, enter_bailey_5
D:10:     layout_small_grid, mainiacjoe_overflow_boulevard, serial_shops, shop
D:11:     layout_roguey, serial_shops, shop, wad_mini_maze, uniq_urug
D:12:     layout_rooms, serial_shops, shop_coins, uniq_rupert
D:13:     layout_loops_corners, kennysheep_generic_room_8, uniq_nessos
D:14:     layout_roguey, david_vaults_2, solitary_fountain
D:15:     hangedman_depths_entry_civil_slaughter, layout_cave_pods,
          uniq_josephine
Lair:1:   layout_regular_city, hibernation_bobbens, grunt_megastairs_3
Lair:2:   layout_loops_ring, basic_altar, chequers_serial_rivers_micro_b,
          chequers_serial_rivers_room_b, ice2_lemuel, infiniplex_staircase_pool
Lair:3:   layout_gridlike, minmay_shoals_entry_lonely_mermaid,
          guppyfry_snake_entry_island
Lair:4:   layout_big_grid, gammafunk_ghost_hydra_chop, beast_lair_carwin_3
Lair:5:   minmay_lair_end_enchanted_forest, layout_layer_cave,
          minmay_slime_entry_jelly_boxes, serial_bayou_shore_a
Shoals:1: layout_shoals
Shoals:2: layout_shoals, lemuel_centaur_altar, uniq_frances
Shoals:3: layout_shoals, st_cyclops, uniq_polyphemus, uniq_mara
Shoals:4: shoals_end_grunt_garden, layout_shoals, shoals_ilsuiw_alternative
Snake:1:  layout_grid_maze, nicolae_shop_self_help
Snake:2:  layout_onion
Snake:3:  layout_onion_interference, uniq_agnes
Snake:4:  hellmonk_snake_rune_quicksilver_temple, layout_basic
Slime:1:  layout_caves, cheibrodos_slime_lost_civilization_7
Slime:2:  layout_caves
Slime:3:  layout_caves
Slime:4:  layout_caves
Slime:5
Orc:1:    layout_caves, basic_altar, uniq_gastronok, uniq_jorgrun
Orc:2:    st_orc_mages, layout_caves, lightli_orcish_oven
Elf:1:    layout_gridlike, portal_ice_cave_entry_pillars_2,
          minmay_elf_necromancy, dreamdust_princess_bridge,
          nicolae_wooded_promenade
Elf:2:    elven_hall_of_blades_hangedman_alternative
          [nicolae_blade_entry_sentries_behind_glass], layout_rooms,
          serial_shops, nicolae_shop_advertising_works
          [nicolae_subvault_shop_adworks], minivault_14, minmay_shop_mass
Elf:3:    minmay_elf_hall_quartered_circle, layout_geoelf_octagon
Vaults:1: v_misc_18, v_rooms_6, ontoclasm_vaults_misaligned,
          ontoclasm_vaults_ring_large, grunt_vaults_swirl, vaults_room_hallway,
          hangedman_vaults_variations, ontoclasm_vaults_spin, v_pattern_4,
          serial_ice_b, grunt_vaults_hallway_short, layout_vaults_ring,
          uniq_asterion
Vaults:2: v_pattern_2, nicolae_vaults_shelves_hall, ontoclasm_vaults_ring_small,
          v_alt_pattern_6, vaults_room_door_hall, nicolae_vaults_three_branches,
          vaults_room_hallway, vaults_room_door_ring, layout_vaults_quadrants,
          minmay_crypt_entry_simple_box
Vaults:3: hangedman_vaults_corner_blocks, v_misc_16, st_cross,
          nicolae_vaults_little_squares_4, nicolae_vaults_bisected_slash,
          dpeg_vaults_monster_box, v_misc_27, not_door_vault_mu,
          vaults_dpeg_cross, vaults_standard_mumra_enter_the_diamond,
          vaults_dpeg_emergency_exit, grunt_vaults_focal, vaults_mumra_hexcomb,
          v_misc_29, v_misc_31, vaults_dpeg_spiral, v_alt_pattern_3,
          layout_vaults_omnibox, serial_shops, shop, shop, shop_fountains,
          nicolae_diamond_shop
Vaults:4: dpeg_vaults_monster_row, hangedman_vaults_corner, v_misc_24,
          nicolae_vaults_meeting, v_misc_16, vaults_dpeg_encased_lava,
          hangedman_vaults_stagger, vaults_room_semicircle,
          nicolae_vaults_little_squares_1, ontoclasm_vaults_gateway,
          hangedman_vaults_maws, vaults_room_fours, layout_vaults_big_room,
          serial_shops, nicolae_shop_stone
Vaults:5
Crypt:1:  grunt_deathspiral_small, layout_chaotic_city
Crypt:2:  dreamdust_cat_pyramid, layout_rooms, lemuel_elevator
Crypt:3:  lightli_unholy_cathedral, layout_chaotic_city,
          tomb_entry_sphere_bobbens, wad_floor_pattern_untrapped
Depths:1: layout_cave_shapes, abyss_entry, nicolae_sextant,
          nicolae_hell_entry_hellmouth_sunbeams, minmay_multi_spiral,
          uniq_enchantress
Depths:2: nooodl_heptagram, layout_basic, enter_ziggurat_c,
          hangedman_geh_valley, serial_glass, glass_columns_c, glass_columns_a,
          glass_columns_b, grunt_pan_entry_zigzag
Depths:3: cheibrodos_witchhunters_guild, layout_gridlike, elyvilon_altar_1,
          abyss_entry, hell_entry, pan_entry, minmay_mirror_moons_of_madness,
          infiniplex_staircase_zigzag_2, minmay_shop_grove
Depths:4: evilmike_zot_entry_round, layout_gridlike, hell_entry, serial_shops,
          shop, minmay_room_of_horrors, gammafunk_ghost_grave,
          minmay_misc_feat_x
Zot:1:    grunt_zot_stairs_mandelzot, layout_misc_corridors
Zot:2:    cheibrodos_zot_enchanting_chambers, layout_gridville,
          st_large_dragon_hoard_1
Zot:3:    layout_onion_interference, st_large_dragon_hoard_4, uniq_parghit

Skill      XL: |  1  2  3  4  5  6  7  8  9 10 11 12 13 14 15 16 17 18 19 20 21 22 23 24 25 26 |
---------------+-------------------------------------------------------------------------------+-----
Earth Magic    | 3 4 5 6 7 8 9 10 12 14 16 18 | 18.0
Conjurations   | 1 2 4 5 6 7 9 10 11 12 14 18 21 22 | 22.0
Spellcasting   | 3 5 6 8 9 10 11 12 14 16 18 | 18.0
Fire Magic     | 4 7 9 12 13 16 18 | 18.0
Dodging        | 6 9 10 | 10.0
Fighting       | 7 10 | 10.0
Shields        | 2 5 6 |  6.0
Air Magic      | 6 14 18 | 18.0
Transmutations | 4 10 14 | 14.3
Necromancy     | 5 12 16 | 16.3
Stealth        | |  1.7

Action                     |  1- 3 |  4- 6 |  7- 9 | 10-12 | 13-15 | 16-18 | 19-21 | 22-24 | 25-27 || total
---------------------------+-------+-------+-------+-------+-------+-------+-------+-------+-------++-------
  Melee: Dagger            |       |    42 |       |       |       |       |       |       |       ||    42
         Staff             |       |       |       |    31 |   119 |    51 |    13 |     4 |       ||   218
         Punch             |       |       |       |     2 |     1 |       |       |       |       ||     3
  Throw: Throwing net      |       |       |       |     1 |       |       |       |       |       ||     1
   Cast: Sandblast         |    63 |   124 |   120 |   131 |       |       |       |       |       ||   438
         Stone Arrow       |       |     1 |    23 |    19 |       |       |       |       |       ||    43
         Fireball          |       |       |       |   129 |   321 |   386 |   135 |       |       ||   971
         Iron Shot         |       |       |       |    78 |   260 |   166 |    84 |       |       ||   588
         Ignition          |       |       |       |       |       |    53 |    86 |    66 |       ||   205
         Fire Storm        |       |       |       |       |       |       |   123 |   321 |   252 ||   696
         Lee's Rapid Decon |       |       |       |       |       |       |     2 |       |       ||     2
         Lehudib's Crystal |       |       |       |       |       |       |    10 |    89 |     1 ||   100
         Chain Lightning   |       |       |       |       |       |       |       |    13 |    27 ||    40
         Necromutation     |       |       |       |       |       |       |       |       |    11 ||    11
  Evoke: Wand              |       |       |     1 |       |       |       |       |       |       ||     1
    Use: Potion            |     1 |       |       |     3 |     9 |     6 |     4 |     1 |       ||    24
         Scroll            |       |       |    17 |    16 |    13 |     4 |     8 |       |       ||    58
   Stab: Sleeping          |       |       |       |       |       |       |     2 |       |       ||     2
 Armour: Robe              |     3 |       |       |     2 |       |       |     5 |    52 |     2 ||    64
         Leather armour    |     6 |    51 |    29 |    43 |   189 |       |       |       |       ||   318
         Troll leather arm |       |       |       |       |    47 |    38 |    11 |       |       ||    96
  Dodge: Dodged            |    17 |    54 |    51 |   168 |   385 |   136 |    45 |    56 |    15 ||   927
  Block: Buckler           |       |       |       |       |    17 |   137 |    54 |    46 |    25 ||   279
         Reflection        |       |       |       |       |     7 |    46 |    23 |    11 |    21 ||   108

Table legend: (Time is in decaauts)
 A = Elapsed time spent in this place.
 B = Non-inter-level travel time spent in this place.
 C = Inter-level travel time spent in this place.
 D = Time resting spent in this place.
 E = Time spent auto-exploring this place.
 F = Levels seen in this place.
 G = Mean time per level.
                   A        B        C        D        E       F      G
               +--------+--------+--------+--------+--------+-----+--------+
         Total |  79180 |  73610 |   5570 |   1307 |  61013 |  59 | 1342.0 |
       Dungeon |  22362 |  20207 |   2155 |    545 |  17099 |  15 | 1490.8 |
          Lair |  12372 |  11257 |   1115 |    642 |   9067 |   5 | 2474.4 |
        Shoals |   6424 |   6243 |    181 |      0 |   5417 |   4 | 1606.0 |
     Snake Pit |   8474 |   8090 |    384 |      0 |   7144 |   4 | 2118.5 |
    Slime Pits |   1434 |   1330 |    104 |      0 |   1147 |   5 |  286.8 |
  Orcish Mines |   3124 |   2877 |    247 |    106 |   2380 |   2 | 1562.0 |
   Elven Halls |   3173 |   2897 |    276 |      8 |   2186 |   3 | 1057.7 |
        Vaults |   9561 |   9009 |    552 |      0 |   7891 |   5 | 1912.2 |
         Crypt |   2776 |   2496 |    280 |      0 |   2089 |   3 |  925.3 |
        Depths |   3640 |   3451 |    189 |      0 |   2760 |   4 |  910.0 |
           Zot |   2375 |   2293 |     82 |      0 |   1855 |   3 |  791.7 |
         Abyss |   1169 |   1169 |      0 |      0 |    295 |   3 |  389.7 |
       Ossuary |    231 |    231 |      0 |      0 |    137 |   1 |  231.0 |
        Bailey |   1113 |   1113 |      0 |      6 |    780 |   1 | 1113.0 |
      Ice Cave |    946 |    946 |      0 |      0 |    764 |   1 |  946.0 |
               +--------+--------+--------+--------+--------+-----+--------+

Top non-repeatable levels by time:
  Lair:3: 2762 daAuts
  Lair:2: 2740 daAuts
Vaults:2: 2653 daAuts
 Snake:3: 2585 daAuts
  Lair:5: 2469 daAuts
     D:8: 2413 daAuts
 Snake:4: 2316 daAuts
  Lair:1: 2210 daAuts
  Lair:4: 2189 daAuts
    D:15: 2136 daAuts
 Snake:1: 2132 daAuts
   Orc:2: 2122 daAuts
     D:9: 2092 daAuts
    D:11: 2074 daAuts
Shoals:4: 2062 daAuts
